 Dungeon Crawl Stone Soup version 0.21.0 (webtiles) character file.

2342 Jinx the Grave Robber (level 9, -10/69 HPs)
             Began as a Mummy Necromancer on May 19, 2018.
             Was a Priest of Okawaru.
             Mangled by Joseph
             ... wielding a +0 quarterstaff
              (15 damage)
             ... on level 7 of the Dungeon.
             The game lasted 00:32:17 (8851 turns).

Jinx the Grave Robber (Mummy Necromancer)           Turns: 8851, Time: 00:32:17

Health: -10/69     AC:  7    Str: 14    XL:     9   Next: 20%
Magic:  4/13       EV: 12    Int: 16    God:    Okawaru [***...]
Gold:   503        SH:  0    Dex: 13    Spells: 5/13 levels left

rFire    . . .     SeeInvis .   c - +1 whip
rCold    + . .     Gourm    .   (no shield)
rNeg     + + +     Faith    .   e - +2 robe {rF+}
rPois    ∞         Spirit   .   (no helmet)
rElec    .         Reflect  .   (no cloak)
rCorr    .         Harm     .   k - +1 pair of gloves
MR       +....                  h - +0 pair of boots
Stlth    ++........             (no amulet)
HPRegen  0.21/turn              r - ring of poison resistance
MPRegen  0.13/turn              n - +2 ring of strength

@: no status effects
A: no food or potions, fire vulnerability, cold resistance 1, negative energy
resistance 3, torment resistance, unbreathing
a: Heroism, Renounce Religion


You were on level 7 of the Dungeon.
You worshipped Okawaru.
Okawaru was most pleased with you.
You were not hungry.

You visited 2 branches of the dungeon, and saw 8 of its levels.

You collected 503 gold pieces.

Inventory:

Hand Weapons
 c - a +1 whip (weapon)
Armour
 e - a +2 robe of fire resistance (worn)
 h - a +0 pair of boots (worn)
 k - a +1 pair of gloves (worn)
 s - a +2 robe of magic resistance
Jewellery
 n - a +2 ring of strength (right hand)
 r - a ring of poison resistance (left hand)
Wands
 g - a wand of random effects (14)
 m - a wand of digging (10)
Scrolls
 d - 7 scrolls of remove curse
 f - a scroll of enchant weapon
 j - 7 scrolls of identify
 l - a scroll of amnesia
 o - a scroll of enchant armour
Books
 b - a book of Necromancy

   Spells                             Type                      Level
   a - Pain                           Necromancy                   1
   b - Animate Skeleton               Necromancy                   1
   c - Vampiric Draining              Necromancy                   3
   d - Regeneration                   Charms/Necromancy            3
   e - Animate Dead                   Necromancy                   4
   f - Borgnjor's Vile Clutch         Necromancy/Earth             5
 i - a book of Clouds

   Spells                             Type                      Level
   a - Poisonous Vapours              Poison/Air                   2
   b - Mephitic Cloud                 Conjuration/Poison/Air       3
   c - Conjure Flame                  Conjuration/Fire             3
   d - Freezing Cloud                 Conjuration/Ice/Air          6
   e - Ring of Flames                 Charms/Fire                  7


   Skills:
 + Level 6.0 Fighting
 * Level 7.3 Maces & Flails
 - Level 1.5 Dodging
 - Level 1.5 Stealth
 - Level 2.6 Spellcasting
 + Level 7.3 Necromancy


You had 5 spell levels left.
You knew the following spells:

 Your Spells              Type           Power        Failure   Level  Hunger
a - Pain                  Necr           ####         1%          1    N/A
b - Vampiric Draining     Necr           ####......   2%          3    N/A
c - Animate Dead          Necr           N/A          10%         4    N/A

Dungeon Overview and Level Annotations

Branches:
Dungeon (7/15)             Temple (1/1) D:7

Altars:
Ashenzari
Cheibriados
Dithmenos
Elyvilon
Fedhas
Gozag
Kikubaaqudgha
Makhleb
Nemelex Xobeh
Okawaru
Qazlal
Ru
Sif Muna
Trog
Uskayaw
Vehumet
Wu Jian
Xom
Yredelemnul
Zin
The Shining One

Shops:
D:4 [   D:5 %   D:6 !

Annotations:
D:3 Sigmund
D:4 Menkaure
D:7 Joseph


Innate Abilities, Weirdness & Mutations

You do not eat or drink.
Your flesh is vulnerable to fire.
You are immune to poison.
Your flesh is cold resistant. (rC+)
You are immune to negative energy. (rN+++)
You are immune to unholy pain and torment.
You can survive without breathing.


Message History

Joseph is lightly wounded.
You feel life coursing into your body.
Casting: Vampiric Draining
Confirm with . or Enter, or press ? or * to list all spells.
Aiming: Vampiric Draining
Press: ? - help, Shift-Dir - straight line, f/p - Joseph
Aim: Joseph, wielding a quarterstaff and wearing a ring mail (lightly wounded) Joseph is moderately wounded.
You feel life coursing into your body.
Joseph hits you with an uncursed quarterstaff!
* * * LOW HITPOINT WARNING * * *
Casting: Vampiric Draining
Confirm with . or Enter, or press ? or * to list all spells.
Aiming: Vampiric Draining
Press: ? - help, Shift-Dir - straight line, f/p - Joseph
Aim: Joseph, wielding a quarterstaff and wearing a ring mail (moderately wounded) Joseph is moderately wounded.
You feel life coursing into your body.
Joseph hits you with an uncursed quarterstaff!
You die...

#...........##..#.....
#...........#...#.###.
#...............#.# #.
#.#.###.....###.#.# #.
#(#.#####_#####.#<# #.
#...###.....###.#.###.
#.....................
#.###...#.####..#.###.
#.###@....# #........
#...@..#### ##.#.###.
#.###..# #.#.# #.
#.###..# # #.# ##
#......# #.# #.###..#
#.# ### #..# #.#
#..########.#.
#..(.(....@...


You could see Joseph.

Vanquished Creatures
  A hippogriff (D:7)
  Duvessa (D:7)
  2 orc warriors
  A sky beast (D:6)
  3 ogres (D:4)
  3 centaurs
  Blork the orc (D:3)
  2 bullfrogs (D:6)
  Dowan (D:7)
  A scorpion (D:4)
  A howler monkey (D:6)
  A crimson imp (D:6)
  2 hounds
  2 bullfrog skeletons
  A centaur zombie (D:5)
  An orc priest (D:7)
  2 orc wizards
  2 iguanas
  A worker ant (D:4)
  A hound zombie (D:5)
  2 howler monkey zombies
  15 adders
  A gnoll (D:6)
  2 oozes (D:2)
  6 worms
  2 adder skeletons
  7 dart slugs
  5 leopard geckos
  18 orcs
  A ball python (D:3)
  9 bats
  5 giant cockroaches
  7 hobgoblins
  7 jackals
  4 frilled lizards
  5 goblins
  6 kobolds
  A quokka skeleton (D:7)
  13 rats
146 creatures vanquished.

Vanquished Creatures (collateral kills)
  An orc warrior (D:6)
  A centaur (D:6)
  3 crimson imps
  A bullfrog zombie (D:5)
  2 orc wizards (D:6)
  2 gnolls (D:6)
  A frilled lizard (D:5)
11 creatures vanquished.

Grand Total: 157 creatures vanquished

Notes
Turn   | Place    | Note
-------+----------+-------------------------------------------
     0 | D:1      | Jinx the Mummy Necromancer began the quest for the Orb.
     0 | D:1      | Reached XP level 1. HP: 13/13 MP: 4/4
   364 | D:1      | Reached XP level 2. HP: 20/20 MP: 3/5
   424 | D:1      | Reached skill level 1 in Maces & Flails
   799 | D:1      | Reached skill level 1 in Fighting
  1054 | D:2      | Reached XP level 3. HP: 18/26 MP: 0/7
  1785 | D:2      | Reached XP level 4. HP: 32/32 MP: 4/8
  2177 | D:2      | Found an iron altar of Okawaru.
  2177 | D:2      | Found a stormy altar of Qazlal.
  2177 | D:2      | Found an ancient bone altar of Kikubaaqudgha.
  2193 | D:2      | Became a worshipper of Warmaster Okawaru
  2241 | D:2      | Learned a level 3 spell: Vampiric Draining
  2777 | D:3      | Found a shadowy altar of Dithmenos.
  3054 | D:3      | Reached XP level 5. HP: 38/38 MP: 3/9
  3288 | D:3      | Noticed Sigmund
  3318 | D:4      | Noticed Blork the orc
  3498 | D:3      | Killed Blork the orc
  3889 | D:4      | Found Suarauff's Antique Armour Shop.
  3898 | D:4      | Reached skill level 5 in Necromancy
  3898 | D:4      | Reached XP level 6. HP: 46/46 MP: 5/10
  4060 | D:4      | Reached * piety under Okawaru
  4519 | D:4      | Noticed Menkaure
  4534 | D:5      | Entered Level 5 of the Dungeon
  4546 | D:4      | Learned a level 4 spell: Animate Dead
  4639 | D:4      | Reached XP level 7. HP: 52/52 MP: 6/11
  4910 | D:5      | Found Etugh's Food Shoppe.
  5361 | D:5      | Reached skill level 5 in Maces & Flails
  5617 | D:5      | Found a sacrificial altar of Ru.
  5676 | D:5      | Reached ** piety under Okawaru
  5986 | D:6      | Reached XP level 8. HP: 58/61 MP: 7/12
  6257 | D:6      | Found Unedghiack's Distillery.
  6494 | D:6      | Reached skill level 5 in Fighting
  7126 | D:6      | Found a radiant altar of Vehumet.
  7518 | D:7      | Noticed a hippogriff
  7567 | D:7      | Noticed Duvessa
  7713 | D:7      | Found a staircase to the Ecumenical Temple.
  8014 | D:7      | Killed a hippogriff
  8014 | D:7      | Reached XP level 9. HP: 42/69 MP: 2/13
  8154 | D:7      | Reached *** piety under Okawaru
  8164 | Temple   | Entered the Ecumenical Temple
  8316 | D:7      | Noticed Dowan
  8344 | D:7      | Killed Duvessa
  8369 | D:7      | Killed Dowan
  8797 | D:7      | Found a shattered altar of Ashenzari.
  8820 | D:7      | Noticed Joseph
  8844 | D:7      | HP: 1/69 [Joseph/sling bullet (19)]
  8850 | D:7      | HP: 1/69 [Joseph/uncursed quarterstaff (8)]
  8851 | D:7      | Mangled by Joseph

Skill      XL: |  1  2  3  4  5  6  7  8  9 |
---------------+----------------------------+-----
Maces & Flails | 1 2 3 4 5 6 7 |  7.3
Fighting       | 1 2 3 4 5 6 |  6.0
Necromancy     | 5 6 7 |  7.3
Dodging        | |  1.5
Stealth        | |  1.5
Spellcasting   | |  2.6

Action                   |  1- 3 |  4- 6 |  7- 9 || total
-------------------------+-------+-------+-------++-------
Melee: Whip              |    31 |    48 |   307 ||   386
 Cast: Pain              |    73 |   128 |   126 ||   327
       Vampiric Draining |       |     7 |    21 ||    28
       Animate Dead      |       |       |    12 ||    12
  Use: Scroll            |       |     7 |     5 ||    12
 Stab: Sleeping          |       |       |     1 ||     1
       Distracted        |       |       |     1 ||     1
Armor: Robe              |       |    31 |   134 ||   165
Dodge: Dodged            |    35 |    60 |   258 ||   353
